 Dungeon Crawl Stone Soup version 0.25.0-9-g26727b657a (webtiles) character file.

Game seed: 3507059658007808897

107 shadizar the Skirmisher (level 4, 0/31 HPs)
             Began as an Octopode Transmuter on June 21, 2020.
             Slain by an adder (3 damage)
             ... on level 1 of the Dungeon.
             The game lasted 00:02:25 (1627 turns).

shadizar the Skirmisher (Octopode Transmuter)       Turns: 1627, Time: 00:02:27

Health: 0/31       AC:  1    Str: 10    XL:     4   Next: 86%
Magic:  0/7        EV: 13    Int: 15    God:
Gold:   106        SH:  0    Dex: 12    Spells: 6/7 levels left

rFire    . . .     SeeInvis .   n - +0 mace
rCold    . . .     Gourm    .   (no shield)
rNeg     . . .     Faith    .   (helmet restricted)
rPois    .         Spirit   +   i - amulet of guardian spirit
rElec    .         Reflect  .   l - ring of flight
rCorr    .         Harm     .   (no ring)
MR       .....                  (no ring)
Stlth    +++.......             (no ring)
HPRegen  0.10/turn              (no ring)
MPRegen  0.10/turn              (no ring)
                                (no ring)
                                (no ring)

@: lethally poisoned (0 -> -5)
A: almost no armour, stealthy swim, amphibious, 8 rings, constrict 8, camouflage
1, gelatinous body 1
a: Evoke Flight


You were on level 1 of the Dungeon.
You were not hungry.

You visited 1 branch of the dungeon, and saw 2 of its levels.

You collected 106 gold pieces.

Inventory:

Hand Weapons
 e - a +0 dagger
 k - a +0 dagger
 n - a +0 mace (weapon)
 o - a +0 mace
Missiles
 a - 28 arrows
Jewellery
 i - an amulet of guardian spirit (around mantle)
 l - a ring of flight (left tentacle)
Scrolls
 h - a scroll of remove curse {unknown}
 j - 2 scrolls of identify {unknown}
Potions
 b - a potion of flight {unknown}
 d - a potion of curing {unknown}
 f - a potion of mutation {unknown}
 g - a potion of haste {unknown}
Comestibles
 c - a ration
 m - a chunk of flesh


   Skills:
 + Level 3.5 Fighting
 + Level 0.8 Maces & Flails
 - Level 2.0 Dodging
 + Level 3.3 Stealth
 - Level 3.0 Unarmed Combat
 - Level 2.0 Spellcasting
 - Level 2.0 Transmutations


You had 6 spell levels left.
You knew the following spells:

 Your Spells              Type           Power        Failure   Level  Hunger
a - Beastly Appendage     Tmut           #.....       10%         1    #......

Your spell library contained the following spells:

 Spells                   Type           Power        Failure   Level  Hunger
 Sticks to Snakes         Tmut           #.......     14%         2    ###....
 Spider Form              Tmut/Pois      #.........   41%         3    ###....
 Ice Form                 Ice/Tmut       #.......     82%         4    #####..
 Blade Hands              Tmut           #.........   95%         5    ######.


Dungeon Overview and Level Annotations

Branches:
Dungeon (2/15)

Altars:


Innate Abilities, Weirdness & Mutations

You cannot wear most types of armour.
You are very stealthy in the water. (Stealth+)
You are amphibious.
You can wear up to eight rings at the same time.
You can use your tentacles to constrict eight enemies at once.
Your skin changes colour to match your surroundings (Stealth+).
Your rubbery body absorbs attacks. (AC +1, EV +1)


Message History

You see here a stone.
The adder barely misses you. The adder misses you.
You climb upwards.
There is a stone staircase leading down here.
Unknown command.
Unknown command.
Unknown command.
Unknown command.
Unknown command.
Okay, then.
You hit the adder. Your grab misses the adder.
The adder is almost dead.
You feel sick. The adder bites you but does no damage.
You barely miss the adder. Your grab misses the adder.
The adder is almost dead.
The adder bites you.
* * * LOW HITPOINT WARNING * * *
You are lethally poisoned!
The adder poisons you! The adder bites you.
You die...

....####### ###.......#
.##.......# .##.......#
.###...)..###########
.# #......#.........#
.# #...)..#.#######.#
.###......#.#..S..#.###
..........(.....@.....#
##...######.#......[#.#
##....# #.#(....###.#
......# #.....### #.#
......#######.#.#####.#
..............#.......#
.....#........#########
.....+............#
.....#........###.#


You could see an adder.

Vanquished Creatures
  A howler monkey (D:2)
  3 adders (D:2)
  2 dart slugs (D:1)
  2 worms (D:2)
  A leopard gecko (D:1)
  4 giant cockroaches
  3 goblins (D:1)
  A hobgoblin (D:1)
  A jackal (D:2)
  9 kobolds
  3 bats
  A frilled lizard (D:1)
  4 rats
35 creatures vanquished.

Notes
Turn   | Place    | Note
-------+----------+-------------------------------------------
     0 | D:1      | shadizar the Octopode Transmuter began the quest for the
                  | Orb.
     0 | D:1      | Reached XP level 1. HP: 13/13 MP: 3/3
     6 | D:1      | Noticed a black bear
     6 | D:1      | Noticed a rime drake
     6 | D:1      | Noticed a hog
     6 | D:1      | Noticed a crocodile
   186 | D:1      | Reached skill level 1 in Stealth
   250 | D:1      | Reached XP level 2. HP: 19/19 MP: 5/5
   892 | D:1      | Reached XP level 3. HP: 25/25 MP: 6/6
   967 | D:2      | Found a faded altar of an unknown god.
   977 | D:2      | Reached XP level 4. HP: 25/31 MP: 4/7
  1627 | D:1      | Slain by an adder

Illustrated notes

Levels and vault maps discovered:
D:1:      onia_arrival_zoo_common, layout_basic
D:2:      minmay_recursive_quarters, layout_rooms,
          nicolae_overflow_quartered_altars, chequers_ecumenical_altar_simple

Skill      XL: |  1  2  3  4 |
---------------+-------------+-----
Stealth        | 1 2 3 |  3.3
Fighting       | 2 3 |  3.5
Maces & Flails | |  0.8
Dodging        | |  2.0
Unarmed Combat | |  3.0
Spellcasting   | |  2.0
Transmutations | |  2.0

Action                   |  1- 3 |  4- 6 || total
-------------------------+-------+-------++-------
Melee: Unarmed           |    37 |     7 ||    44
       Constrict         |     9 |    11 ||    20
       Tentacles         |     6 |     8 ||    14
       Punch             |     3 |       ||     3
       Mace              |       |    39 ||    39
 Abil: Evoke Flight      |     1 |       ||     1
 Stab: Sleeping          |     8 |     1 ||     9
  Eat: Chunk             |       |     2 ||     2
Armor: Skin              |     2 |     6 ||     8
Dodge: Dodged            |    19 |    44 ||    63
